 Dungeon Sprint DCSS version 0.30.1-11-g7821555f0a (webtiles) character file.

Game seed: 5085882495655047147

1092 Heoruswealwe the Impaler (level 8, -3/82 HPs)
             Began as a Minotaur Fighter on Nov 9, 2023.
             Was an Initiate of Gozag.
             Killed by divine providence
             ... invoked by a meliai
              (9 damage)
             ... in the Dungeon (Sprint IX: "|||||||||||||||||||||||||||||").
             The game lasted 00:02:29 (394 turns).

Heoruswealwe the Impaler (Minotaur Fighter)          Turns: 394, Time: 00:02:31

Health: -3/82      AC: 13    Str: 27    XL:     8   Next: 9%
Magic:  7/7        EV:  9    Int:  5    God:    Gozag
Gold:   612        SH:  0    Dex:  9    Spells: 7/7 levels left

rFire   . . .        b - +2 halberd (protect)
rCold   . . .        (shield currently unavailable)
rNeg    . . .        c - +0 chain mail
rPois   .            (helmet restricted)
rElec   .            (no cloak)
rCorr   .            f - +0 pair of gloves
SInv    .            (no boots)
Will    .....        (no amulet) Stlth
                     k - +3 ring of strength
HPRegen 0.33/turn    (no ring)
MPRegen 0.10/turn

%: no teleportation
@: no status effects
A: horns 2, retaliatory headbutt
a: Renounce Religion, Potion Petition, Call Merchant, Bribe Branch


You were in the Dungeon.
You worshipped Gozag.
Gozag was pleased with you.
You visited 1 branch You collected 612 gold pieces.

Inventory:

Hand Weapons
 a - a +0 trident
 b - a +2 halberd of protection (weapon)
Armour
 c - a +0 chain mail (worn)
 d - a +0 buckler
 f - a +0 pair of gloves (worn)
Jewellery
 k - a +3 ring of strength (left hand)
Wands
 h - a wand of roots (10)
Scrolls
 j - 2 scrolls of blinking
Potions
 e - a potion of curing
 g - a potion of haste
 i - a potion of berserk rage
 m - a potion of might


   Skills:
 + Level 11.2 Fighting
 * Level 15.0 Polearms
 + Level 11.3 Armour
 - Level 3.6 Shields


You had 7 spell levels left.
You didn't know any spells.
Your spell library was empty.

Dungeon Overview and Level Annotations

Branches:
Dungeon (1/1)

Altars:
Cheibriados
Dithmenos
Elyvilon
Fedhas
Gozag
Hepliaklqana
Kikubaaqudgha
Makhleb
Nemelex Xobeh
Okawaru
Qazlal
Ru
Sif Muna
Trog
Uskayaw
Vehumet
Wu Jian
Xom
Yredelemnul
Zin
The Shining One
Jiyva
Lugonu


Innate Abilities, Weirdness & Mutations

You have a pair of horns on your head.
You reflexively headbutt those who attack you in melee.


Message History

The meliai hits you with a +2 hand axe of freezing!
The meliai freezes you.
The meliai stings you but does no damage.
You closely miss the meliai. You headbutt the meliai.
The meliai is moderately wounded.
The meliai hits you with a +2 hand axe of freezing!
The meliai freezes you. The meliai closely misses you.
The meliai hits you with a +2 hand axe of freezing!
The meliai freezes you.
The meliai stings you but does no damage.
You miss the meliai.
The meliai is moderately wounded.
The meliai closely misses you. You furiously retaliate!
You headbutt the meliai. The meliai stings you!
You are poisoned.
The meliai poisons you!
You feel better. The meliai closely misses you. You furiously retaliate!
You headbutt the meliai. The meliai stings you.
You are poisoned.
The meliai poisons you! The meliai closely misses you. You furiously retaliate!
You headbutt the meliai! The meliai barely misses you.
You feel better.
The meliai hits you with a +2 hand axe of freezing!
The meliai freezes you. The meliai misses you.
The meliai hits you with a +2 hand axe of freezing!
* * * LOW HITPOINT WARNING * * *
The meliai freezes you!
* * * LOW HITPOINT WARNING * * *
The meliai stings you.
* * * LOW HITPOINT WARNING * * *
You are lethally poisoned!
The meliai poisons you!
You feel better.
The meliai invokes the aid of its god against you.
Something smites you!
* * * LOW HITPOINT WARNING * * *
The meliai invokes the aid of its god against you.
Something smites you!
You die...
Your body crumbles into a pile of gold.

▓.▓
▓9▓
▓V▓
▓z▓
▓y▓
▓J▓
▓y▓
▓@▓
$
▓.▓
$
▓.▓
$ $
▓.▓
$
▓.▓
$
▓.▓
▓[▓
$
▓.▓
$
▓.▓
$


You could see a skeletal warrior, a slime creature, a vampire, a vampire
mosquito, a gargoyle and a meliai.

Vanquished Creatures
  A gargoyle (D)
  A hornet (D)
  A wraith (D)
  A yak (D)
  An acid dragon (D)
  An orc warrior (D)
  An ice beast (D)
  A hound (D)
  2 adders (D)
  A dart slug (D)
  2 goblins (D)
  A hobgoblin (D)
  A ball python (D)
  A frilled lizard (D)
16 creatures vanquished.

Notes
Turn   | Place    | Note
-------+----------+-------------------------------------------
     0 | D        | Heoruswealwe the Minotaur Fighter began the quest for the
                  | Orb.
     0 | D        | Reached XP level 1. HP: 19/19 MP: 0/0
     6 | D        | Reached skill level 3 in Polearms
    29 | D        | Noticed a hound
    29 | D        | Noticed an ice beast
    32 | D        | Reached skill level 4 in Polearms
    32 | D        | Reached XP level 2. HP: 28/28 MP: 1/1
    38 | D        | Reached skill level 5 in Polearms
    42 | D        | HP: 1/28 [ice beast (14)]
    45 | D        | Killed an ice beast
    46 | D        | Reached skill level 8 in Polearms
    46 | D        | Reached XP level 3. HP: 38/38 MP: 2/2
    46 | D        | Reached XP level 4. HP: 45/45 MP: 3/3
    54 | D        | Reached skill level 9 in Polearms
    54 | D        | Reached XP level 5. HP: 52/52 MP: 4/4
    59 | D        | Found a snail-covered altar of Cheibriados.
    59 | D        | Found a shadowy altar of Dithmenos.
    59 | D        | Found a white marble altar of Elyvilon.
    59 | D        | Found a blossoming altar of Fedhas.
    59 | D        | Found an opulent altar of Gozag.
    60 | D        | Found a hazy altar of Hepliaklqana.
    61 | D        | Found a viscous altar of Jiyva.
    62 | D        | Found an ancient bone altar of Kikubaaqudgha.
    63 | D        | Found a corrupted altar of Lugonu.
    64 | D        | Found a burning altar of Makhleb.
    65 | D        | Found a sparkling altar of Nemelex Xobeh.
    66 | D        | Found an iron altar of Okawaru.
    67 | D        | Became a worshipper of Gozag Ym Sagoz the Greedy
    68 | D        | Found a stormy altar of Qazlal.
    69 | D        | Found a sacrificial altar of Ru.
    70 | D        | Found a shimmering blue altar of Sif Muna.
    71 | D        | Found a bloodstained altar of Trog.
    72 | D        | Found a hide-covered altar of Uskayaw.
    73 | D        | Found a radiant altar of Vehumet.
    74 | D        | Found an ornate altar of the Wu Jian Council.
    75 | D        | Found a shimmering altar of Xom.
    76 | D        | Found a basalt altar of Yredelemnul.
    77 | D        | Found a glowing silver altar of Zin.
    78 | D        | Found a glowing golden altar of the Shining One.
   134 | D        | Noticed a yak
   134 | D        | Noticed an acid dragon
   134 | D        | Noticed a hornet
   134 | D        | Noticed a gargoyle
   134 | D        | Noticed a wraith
   134 | D        | Noticed an orc warrior
   138 | D        | Killed an orc warrior
   139 | D        | Reached skill level 10 in Polearms
   148 | D        | Killed a wraith
   149 | D        | Reached skill level 12 in Polearms
   149 | D        | Reached XP level 6. HP: 39/63 MP: 5/5
   151 | D        | Killed a gargoyle
   152 | D        | Reached skill level 10 in Fighting
   152 | D        | Reached skill level 13 in Polearms
   152 | D        | Reached skill level 10 in Armour
   152 | D        | Reached XP level 7. HP: 41/72 MP: 6/6
   152 | D        | Paralysed by a hornet for 3 turns
   158 | D        | Killed a hornet
   158 | D        | HP: 2/72 [acid dragon/splash of acid (26)]
   159 | D        | Reached skill level 14 in Polearms
   170 | D        | Killed a yak
   171 | D        | Reached skill level 15 in Polearms
   171 | D        | Reached XP level 8. HP: 8/82 MP: 7/7
   389 | D        | Noticed a gargoyle
   389 | D        | Noticed a skeletal warrior
   389 | D        | Noticed a slime creature
   389 | D        | Noticed a meliai
   394 | D        | Killed from afar by a meliai

Illustrated notes

Levels and vault maps discovered:
D:        linesprint [early_d, line_temple, items_1, d_10, items_2, lair_1,
          lair_end, items_3, orc_1, orc_end, items_4, d_15, swamp_1, shoals_1,
          snake_1, spider_1, d_20, vaults_1, items_5, swamp_end, shoals_end,
          snake_end, spider_end, vaults_end, d_27, items_6, zot_1, zot_end,
          crypt_end, forest_end, elf_end, slime_end, tomb_end, abyss_end,
          pan_hell_end]

Skill      XL: |  1  2  3  4  5  6  7 |
---------------+----------------------+-----
Polearms       | 4 8 9 12 13 15 | 15.0
Fighting       | 4 6 7 9 10 11 | 11.2
Armour         | 4 6 7 9 10 11 | 11.3
Shields        | |  3.6

Action                     |  1- 3 |  4- 6 |  7- 9 || total
---------------------------+-------+-------+-------++-------
  Melee: Trident           |    23 |     7 |       ||    30
         Headbutt          |     5 |     4 |     4 ||    13
         Halberd           |       |    17 |    16 ||    33
    Use: Potion            |     1 |       |     6 ||     7
 Armour: Scale mail        |     8 |     6 |     8 ||    22
         Chain mail        |       |       |     2 ||     2
  Dodge: Dodged            |     5 |    10 |    15 ||    30
  Block: Buckler           |     4 |       |       ||     4
